 Dungeon Crawl Stone Soup version 0.31.0-9-g3a7656b989 (webtiles) character file.

Game seed: 5199337708262107906

61 zelenmisha the Vexing (level 4, -4/32 HPs)
             Began as a Barachi Hexslinger on Jan 31, 2024.
             Slain by an orc priest
             ... wielding a +0 dagger
              (5 damage)
             ... on level 3 of the Dungeon.
             The game lasted 00:08:35 (2479 turns).

zelenmisha the Vexing (Barachi Hexslinger)          Turns: 2479, Time: 00:08:36

Health: -4/32      AC:  2    Str: 10    XL:     4   Next: 7%
Magic:  2/6        EV: 12    Int: 15    God:
Gold:   213        SH:  0    Dex: 14    Spells: 2/5 levels left

rFire   . . .        a - +1 sling
rCold   . . .        (no shield)
rNeg    . . .        c - +0 robe
rPois   .            (no helmet)
rElec   .            (no cloak)
rCorr   .            (no gloves)
SInv    .            (no boots)
Will    .....        (no amulet)
Stlth   +            (no ring)
HPRegen 0.25/turn    (no ring)
MPRegen 0.10/turn

%: no passive effects
@: slow
A: amphibious, slowness 1, strong legs 1, +LOS
a: Hop


You were on level 3 of the Dungeon.
You visited 1 branch of the dungeon, and saw 3 of its levels.

You collected 213 gold pieces.

Inventory:

Hand Weapons
 a - a +1 sling (weapon)
Armour
 c - a +0 robe (worn)
Scrolls
 b - 2 scrolls of poison
 d - 3 scrolls of identify {unknown}
 e - 3 scrolls of teleportation {unknown}
 g - a scroll of butterflies {unknown}
 h - a scroll of amnesia {unknown}
Potions
 f - 4 potions of curing {unknown}


   Skills:
 + Level 1.4 Fighting
 + Level 3.2 Ranged Weapons
 + Level 2.5 Dodging
 + Level 0.4 Stealth
 + Level 1.3 Spellcasting
 + Level 0.1 Conjurations
 + Level 3.9 Hexes
 + Level 1.1 Fire Magic


You had 2 spell levels left.
You knew the following spells:

 Your Spells              Type           Power      Damage    Failure   Level
a - Magic Dart            Conj           4%         1d3       22%         1
b - Call Imp              Summ           2%         N/A       34%         2

Your spell library contained the following spells:

 Spells                   Type           Power      Damage    Failure   Level
 Jinxbite                 Hex            24%        N/A       7%          2
 Apportation              Tloc           2%         N/A       24%         1
 Necrotise                Necr           4%         1d4       24%         1
 Blink                    Tloc           2%         N/A       34%         2
 Sigil of Binding         Hex            12%        N/A       14%         3
 Inner Flame              Hex/Fire       8%         N/A       26%         3
 Cause Fear               Hex            6%         N/A       43%         4
 Ozocubu's Armour         Ice            1%         N/A       56%         3
 Vampiric Draining        Necr           1%         2d6       56%         3
 Dimensional Bullseye     Hex/Tloc       3%         N/A       71%         4
 Martyr's Knell           Necr/Summ      1%         N/A       93%         4
 Metabolic Englaciation   Hex/Ice        3%         N/A       96%         5
 Alistair's Intoxication  Alch           0%         N/A       100%        5
 Curse of Agony           Necr           1%         N/A       100%        5
 Sculpt Simulacrum        Ice/Alch       0%         N/A       100%        6


Dungeon Overview and Level Annotations

Branches:
Dungeon (3/15)

Altars:


Innate Abilities, Weirdness & Mutations

You are amphibious.
You cover ground slowly.
You can hop short distances.
You have an extended range of vision and can be seen from far away.


Message History

The orc barely misses your cerulean imp.
The orc priest begins to cast a cantrip, but forgets the words!
You shoot a sling bullet. The sling bullet hits the orc priest.
The orc priest is moderately wounded.
Your cerulean imp hits the orc but does no damage.
The orc hits your cerulean imp with a +0 trident.
The orc priest barely misses you.
Fire: a) +1 sling
Press: ? - help, Q - select action, (/) - cycle Shift-Dir - straight line, f/p - orc priest
Aim: an orc priest, wielding a +0 dagger (moderately wounded, 57% to hit)
You shoot a sling bullet.
The sling bullet hits the orc priest but does no damage.
The orc priest is moderately wounded.
Your cerulean imp hits the orc but does no damage.
The orc hits your cerulean imp with a +0 trident.
Your cerulean imp dies!
Your cerulean imp disappears in a puff of smoke!
The orc priest begins to cast a cantrip, but forgets the words!
The orc shouts!
Fire: a) +1 sling
Press: ? - help, Q - select action, (/) - cycle Shift-Dir - straight line, f/p - orc priest
Aim: an orc priest, wielding a +0 dagger (moderately wounded, 57% to hit)
You shoot a sling bullet. The sling bullet hits the orc priest.
The orc priest is heavily wounded.
The orc barely misses you.
The orc priest invokes the aid of Beogh against you.
Beogh smites you!
* * * LOW HITPOINT WARNING * * *
The orc closely misses you.
The orc priest hits you with a +0 dagger.
* * * LOW HITPOINT WARNING * * *
Fire: a) +1 sling
Press: ? - help, Q - select action, (/) - cycle Shift-Dir - straight line, f/p - orc priest
Aim: an orc priest, wielding a +0 dagger (heavily wounded, 57% to hit)
You shoot a sling bullet. The sling bullet hits the orc priest.
The orc priest is almost dead.
The orc hits you from afar with a +0 trident.
* * * LOW HITPOINT WARNING * * *
The orc priest hits you with a +0 dagger.
You die...

########### .........#
#......########
##########.............#
........@oo>....######.##
##########......###....>.
#.##......†.....
#.########.##.## #o#
#.##.# #.# #.##.# #.#
#.##.# #.# .....# #.#
..####


You could see an orc priest and an orc.

Vanquished Creatures
  An adder (D:2)
  2 dart slugs (D:1)
  An orc (D:3)
  2 endoplasms
  A giant cockroach (D:2)
  7 goblins
  2 hobgoblins
  3 jackals (D:1)
  3 kobolds
  A quokka (D:1)
  5 ball pythons
  7 bats
  2 frilled lizards
  A rat (D:2)
38 creatures vanquished.

Vanquished Creatures (collateral kills)
  A hobgoblin (D:2)
  2 jackals (D:1)
  2 kobolds
5 creatures vanquished.

Grand Total: 43 creatures vanquished

Notes
Turn   | Place    | Note
-------+----------+-------------------------------------------
     0 | D:1      | zelenmisha the Barachi Hexslinger began the quest for the
                  | Orb.
     0 | D:1      | Reached XP level 1. HP: 15/15 MP: 2/2
   158 | D:1      | Learned a level 1 spell: Magic Dart
   244 | D:1      | Reached XP level 2. HP: 21/21 MP: 0/3
   282 | D:1      | Found a faded altar of an unknown god.
   488 | D:1      | Reached XP level 3. HP: 24/26 MP: 1/4
   493 | D:1      | Learned a level 2 spell: Call Imp
  2311 | D:3      | Reached XP level 4. HP: 32/32 MP: 1/6
  2479 | D:3      | HP: 1/32 [orc/+0 trident (4)]
  2479 | D:3      | Slain by an orc priest

Illustrated notes

Levels and vault maps discovered:
D:1:      zaba_arrival_water, layout_basic, nicolae_ecumenical_lake_church,
          minmay_pentomino_x4
D:2:      layout_loops_corners, kennysheep_nub
D:3:      layout_loops_ring, minmay_misc_feat_cross, minmay_ruptured

Skill      XL: |  1  2  3 |
---------------+----------+-----
Ranged Weapons | 3 |  3.2
Fighting       | |  1.4
Dodging        | |  2.5
Stealth        | |  0.4
Spellcasting   | |  1.3
Conjurations   | |  0.1
Hexes          | |  3.9
Fire Magic     | |  1.1

Action                     |  1- 3 |  4- 6 || total
---------------------------+-------+-------++-------
   Fire: Sling             |    88 |    12 ||   100
   Cast: Magic Dart        |    25 |     3 ||    28
         Call Imp          |     7 |     1 ||     8
 Armour: Robe              |    56 |     9 ||    65
  Dodge: Dodged            |    64 |     4 ||    68
